 Dungeon Crawl Stone Soup version 0.21-a0-508-gf08a75f (webtiles) character file.

143 Goblin1989 the Ruffian (level 5, -2/48 HPs)
             Began as a Troll Hunter on Nov 28, 2017.
             Slain by an orc
             ... wielding a +0 flail
              (8 damage)
             ... on level 4 of the Dungeon.
             The game lasted 00:03:36 (1433 turns).

Goblin1989 the Ruffian (Troll Hunter)               Turns: 1433, Time: 00:03:37

Health: -2/48      AC:  5    Str: 21    XL:     5   Next: 4%
Magic:  4/4        EV: 10    Int:  7    God:
Gold:   97         SH:  0    Dex: 10    Spells: 4/4 levels left

rFire    . . .     SeeInvis +     - Unarmed
rCold    . . .     Gourm    +   (no shield)
rNeg     . . .     Faith    .   b - +0 robe
rPois    .         Spirit   .   (helmet restricted)
rElec    .         Reflect  .   (no cloak)
rCorr    .         Harm     .   (gloves unavailable)
MR       .....                  (boots unavailable)
Stlth    +.........             (no amulet)
HPRegen  0.56/turn              (no ring)
MPRegen  0.09/turn              s - ring of see invisible

@: no status effects
A: large, unfitting armour, claws 3, fast metabolism 3, gourmand, regeneration
1, shaggy fur 1, tough skin 2
a: no special abilities


You were on level 4 of the Dungeon.
You were completely stuffed.

You visited 1 branch of the dungeon, and saw 4 of its levels.

You collected 97 gold pieces.

Inventory:

Hand Weapons
 a - a +0 short sword
Missiles
 c - 5 large rocks (quivered) {!d}
 Z - 2 throwing nets {!d}
Armour
 b - a +0 robe (worn)
Jewellery
 s - a ring of see invisible (right claw)
 S - an uncursed ring of ice
Scrolls
 N - a scroll of teleportation {unknown}
 R - a scroll of identify {@r1}
 Y - a scroll of amnesia
Potions
 M - 2 potions of curing {@q1}
 P - 2 potions of heal wounds {unknown}
 U - a potion of berserk rage {unknown}
 X - a potion of lignification {unknown}
Comestibles
 e - 3 bread rations {@e1}
 Q - a meat ration {@e2}
 W - a chunk of flesh


   Skills:
 - Level 1.5 Fighting
 - Level 3.6 Throwing
 - Level 1.5 Dodging
 - Level 0.3 Stealth
 + Level 4.7 Unarmed Combat


You had 4 spell levels left.
You didn't know any spells.

Dungeon Overview and Level Annotations

Branches:
Dungeon (4/15)
 Temple: D:4-7

Altars:


Innate Abilities, Weirdness & Mutations

You are too large for most types of armour.
You have claws for hands.
Your metabolism is lightning-fast.
You like to eat raw meat.
Your natural rate of healing is unusually fast.
You are covered in fur. (AC +1)
You have very tough skin. (AC +2)


Message History

No target in view!
As you read the scroll labeled SOISYD BOROJE, it crumbles to dust.
It is a scroll of identify.
M - 2 potions of curing
As you read the scroll labeled VEWNINW WIDOUH, it crumbles to dust.
It is a scroll of amnesia.
You feel forgetful for a moment.
As you read the scroll labeled KUPHES KOILITE, it crumbles to dust.
The air around you briefly surges with heat, but it dissipates.
It was a scroll of immolation.
As you read the scroll labeled LOONTOCROY, it crumbles to dust.
You assume a fearsome visage.
Nothing appears to happen.
It was a scroll of fear.
As you read the scroll labeled RUMIXT FELYH, it crumbles to dust.
You feel as if something is helping you.
It was a scroll of remove curse.
Drop what? 17/52 slots (_ for help) (? for menu, Esc to quit)
You remove your ring of teleportation.
You drop an uncursed ring of teleportation.
Put on which piece of jewellery? (? for menu, Esc to quit)
Okay, then.
(D) Dungeon
Where to? (Enter - D:3, ? - help) Eating one of 5 chunks of flesh.
You eat one of the 5 chunks of flesh.
This raw flesh tastes great.
Some of the chunks of flesh in your inventory have rotted away.
There is a stone staircase leading down here.
You climb downwards.
You hear the sound of rushing water.
There is an entrance to a sewer on this level.
Hurry and find it before the portal rusts away!
An iguana and an orc come into view.
The orc shouts!
You hear a shout! x2; You hear an angry hiss.
There is a stone staircase leading up here.
Unknown command.
You scratch the iguana.
The iguana is moderately wounded.
You claw the iguana!
The iguana is severely wounded.
The iguana bites you!
You take 9 damage, and have 32/41 hp.
MASSIVE DAMAGE!!
You closely miss the iguana.
The iguana is severely wounded.
The iguana bites you.
An orc comes into view. It is wielding a hand axe.
You take 1 damage, and have 31/41 hp.
You scratch the iguana.
The iguana is almost dead.
The iguana bites you.
You take 1 damage, and have 30/41 hp.
You claw the iguana!
You kill the iguana!
You have reached level 5!
The orc hits you with a hand axe. x2
You take 4 damage, and have 26/48 hp.
MP restored: 4 You claw the orc!
You kill the orc!
The orc hits you with a hand axe.
An orc wizard comes into view. It is wielding a dagger.
You take 2 damage, and have 24/48 hp.
The orc wizard shouts!
You hear a shout!
The orc hits you with a hand axe.
* * * LOW HITPOINT WARNING * * *
Things that are here:
a hand axe; a ring mail You take 6 damage, and have 18/48 hp.
You miss the orc wizard. The orc wizard closely misses you.
The orc hits you but does no damage.
An orc comes into view. It is wielding a flail.
You claw the orc wizard!
The orc wizard is severely wounded.
The orc wizard gestures wildly while chanting.
The orc wizard flickers and vanishes for a moment.
The orc hits you with a hand axe.
* * * LOW HITPOINT WARNING * * *
A leopard gecko comes into view.
You take 6 damage, and have 13/48 hp.
You scratch the orc wizard.
The orc wizard is almost dead.
The orc wizard barely misses you.
Unknown command.
You closely miss the orc wizard.
The orc wizard is almost dead.
The orc barely misses you.
The orc wizard gestures at you while chanting.
The puff of flame hits you!
* * * LOW HITPOINT WARNING * * *
The orc closely misses you.
You take 6 damage, and have 8/48 hp.
You scratch the orc wizard.
The orc wizard is almost dead.
The orc hits you but does no damage.
The leopard gecko bites you but does no damage.
The orc wizard hits you with a dagger.
* * * LOW HITPOINT WARNING * * *
You take 2 damage, and have 6/48 hp.
You barely miss the orc wizard.
The orc wizard is almost dead.
The orc hits you with a flail!
You die...

.. . .
████.█
...█.█
████....█
█..ooo..█
█<@l..█
█.†....█
█.........
█.../?.█..
█......█ .
███...%█
███... ...


You could see an orc wizard (invisible), 2 orcs and a leopard gecko.

Vanquished Creatures
  An iguana (D:4)
  Natasha (D:2)
  3 adders
  A worm (D:2)
  8 orcs
  3 hobgoblins
  9 jackals
  4 bats
  8 frilled lizards
  3 goblins
  6 kobolds
  10 rats
57 creatures vanquished.

Notes
Turn   | Place    | Note
-------+----------+-------------------------------------------
     0 | D:1      | Goblin1989 the Troll Hunter began the quest for the Orb.
     0 | D:1      | Reached XP level 1. HP: 19/19 MP: 0/0
   125 | D:1      | Reached skill level 1 in Unarmed Combat
   144 | D:1      | Reached XP level 2. HP: 23/27 MP: 1/1
   153 | D:1      | Reached skill level 2 in Unarmed Combat
   722 | D:2      | Reached XP level 3. HP: 33/33 MP: 2/2
   829 | D:2      | Reached skill level 3 in Unarmed Combat
  1007 | D:2      | Noticed Natasha
  1020 | D:2      | Killed Natasha
  1020 | D:2      | Reached XP level 4. HP: 36/41 MP: 3/3
  1121 | D:3      | Reached skill level 4 in Unarmed Combat
  1425 | D:4      | Reached XP level 5. HP: 36/48 MP: 4/4
  1433 | D:4      | Slain by an orc

Vault maps used:
D:1:      minmay_arrival_glassed_features, minmay_lizard_pond
D:2:      uniq_natasha
D:3:      led_sif_pool, chequers_ecumenical_altar_lobes
D:4:      lemuel_crystal_altar, temple_hall, gup_sewer_entry_glass

Skill      XL: |  1  2  3  4 |
---------------+-------------+-----
Unarmed Combat | 1 2 3 4 |  4.7
Fighting       | |  1.5
Throwing       | |  3.6
Dodging        | |  1.5
Stealth        | |  0.3

Action                   |  1- 3 |  4- 6 || total
-------------------------+-------+-------++-------
Melee: Unarmed           |    64 |    51 ||   115
       Short sword       |    45 |       ||    45
       Punch             |       |     1 ||     1
  Use: Scroll            |       |     5 ||     5
 Stab: Sleeping          |     1 |       ||     1
       Distracted        |       |     1 ||     1
  Eat: Chunk             |    15 |     4 ||    19
Armor: Robe              |    34 |    20 ||    54
Dodge: Dodged            |    50 |    21 ||    71

Table legend:
 A = Spawn XP
 B = Non-spawn XP
 C = Spawn XP percentage of total XP
 D = Spawn monster count
 E = Non-spawn monster count
 F = Spawn count percentage of total count
 G = Total turns spent on level
                    A         B        C        D         E        F      G
               +---------+---------+-------+---------+---------+-------+---------
         Total |       0 |     205 |   0.0 |       0 |      57 |   0.0 |  1433
               +---------+---------+-------+---------+---------+-------+---------
           D:1 |       0 |      34 |   0.0 |       0 |      25 |   0.0 |   640
           D:2 |       0 |      83 |   0.0 |       0 |      14 |   0.0 |   476
           D:3 |       0 |      45 |   0.0 |       0 |      16 |   0.0 |   304
           D:4 |       0 |      43 |   0.0 |       0 |       2 |   0.0 |    13
               +---------+---------+-------+---------+---------+-------+---------

Vault maps used:
D:1:      minmay_arrival_glassed_features, minmay_lizard_pond
D:2:      uniq_natasha
D:3:      led_sif_pool, chequers_ecumenical_altar_lobes
D:4:      lemuel_crystal_altar, temple_hall, gup_sewer_entry_glass
